 Dungeon Crawl Stone Soup version 0.30-a0-859-gf88a04b62d (webtiles) character file.

Game seed: 4912189089341314072

9 demibob the Cutter (level 2, 21/21 HPs)
             Began as a Demonspawn Wanderer on Mar 6, 2023.
             Quit the game on level 1 of the Dungeon.
             The game lasted 00:00:33 (157 turns).

demibob the Cutter (Demonspawn Wanderer)             Turns: 157, Time: 00:00:34

Health: 21/21      AC:  3    Str: 15    XL:     2   Next: 3%
Magic:  3/3        EV: 11    Int: 12    God:
Gold:   52         SH:  0    Dex: 10    Spells: 2/3 levels left

rFire   . . .      SeeInvis .    a - +3 short sword
rCold   . . .      Faith    .    (no shield)
rNeg    . . .      Spirit   .    c - +0 leather armour
rPois   .          Reflect  .    (no helmet)
rElec   .          Rampage  .    (no cloak)
rCorr   .                        (no gloves)
Will    .....                    (no boots)
Stlth   +                        (no amulet)
HPRegen 0.23/turn                (no ring)
MPRegen 0.08/turn                (no ring)

@: no status effects
A: weakness stinger 1
a: no special abilities


You were on level 1 of the Dungeon.
You visited 1 branch of the dungeon, and saw 1 of its levels.

You collected 52 gold pieces.


Innate Abilities, Weirdness & Mutations

You have a small tail.


   Skills:
 - Level 1.0 Fighting
 + Level 4.1 Short Blades
 - Level 1.7 Throwing
 - Level 1.0 Spellcasting
 - Level 1.7 Ice Magic


You had 2 spell levels left.
You knew the following spells:

 Your Spells              Type           Power      Damage    Failure   Level
f - Freeze                Ice            16%        1d4       19%         1

Your spell library contained the following spells:

 Spells                   Type           Power      Damage    Failure   Level
 Ozocubu's Armour         Ice            4%         N/A       47%         3

Inventory:

Hand Weapons
 a - a +3 short sword (weapon)
Armour
 c - a +0 leather armour (worn)
Scrolls
 d - a scroll of noise {unknown}
Potions
 b - a potion of attraction

Dungeon Overview and Level Annotations

Branches:
Dungeon (1/15)

Altars:

Shops:
D:1

= .###.### #.#
...#..## #.#
.......######.##
...............#
#.
▒.........####.#
... +......>.##
#.# ?...
▒.......## #.#
..... ........#
###'###......
▒######.#
#....@)...S.. .#
..# #............
▒#
..+.............##
###############


You could see a ball python.


Message History

The hobgoblin shouts!
The hobgoblin moves out of view.
A hobgoblin is nearby!
You hit the hobgoblin.
You kill the hobgoblin!
Your Short Blades skill increases to level 4!
No target in view!
No target in view!
No target in view!
No target in view!
No target in view!
No target in view!
No target in view!
No target in view!
No target in view!
You open the door.
A goblin comes into view. It is wielding a +0 dagger.
The goblin shouts!
There is an open door here.
A goblin is nearby!
A ball python comes into view.
Found a scroll labelled OSMIEJANEE.
The ball python hisses angrily.
You hit the goblin.
You kill the goblin!
You have reached level 2!
You feel monstrous as your demonic heritage exerts itself.
Your demonic ancestry asserts itself...
You grow a small tail.
Are you sure you want to abandon this character and quit the game? (Confirm with "yes".)

Skill      XL: |  1 |
---------------+----+-----
Short Blades   | 4 |  4.1
Fighting       | |  1.0
Throwing       | |  1.7
Spellcasting   | |  1.0
Ice Magic      | |  1.7

Action                     || total
---------------------------++-------
  Melee: Short sword       ||    14
 Armour: Leather armour    ||     2
  Dodge: Dodged            ||     5

Levels and vault maps discovered:
D:1:      lightli_arrival_chessboard, layout_basic, serial_shops,
          nicolae_shop_behind_doors, amcnicky_mini_corridor_feature

Notes
Turn   | Place    | Note
-------+----------+-------------------------------------------
     0 | D:1      | demibob the Demonspawn Wanderer began the quest for the
                  | Orb.
     0 | D:1      | demibob set off with the following items: a +3 short sword,
                  | a potion of attraction, a +0 leather armour; and the
                  | following spell memorised: Freeze; and the following spells
                  | available to memorise: Ozocubu's Armour.
     0 | D:1      | Reached XP level 1. HP: 15/15 MP: 2/2
    71 | D:1      | Found Imotty Soba's Jewellery Boutique.
   138 | D:1      | Reached skill level 4 in Short Blades
   157 | D:1      | You feel monstrous as your demonic heritage exerts itself.
   157 | D:1      | Discovered your monstrous ancestry.
   157 | D:1      | Gained mutation: You have a small tail. [demonic ancestry]
   157 | D:1      | Reached XP level 2. HP: 21/21 MP: 3/3
   157 | D:1      | Quit the game

Vanquished Creatures
  2 endoplasms (D:1)
  2 hobgoblins (D:1)
  A ball python (D:1)
  A bat (D:1)
  2 goblins (D:1)
8 creatures vanquished.

Table legend: (Time is in decaauts)
 A = Elapsed time spent in this place.
 B = Non-inter-level travel time spent in this place.
 C = Inter-level travel time spent in this place.
 D = Time resting spent in this place.
 E = Time spent auto-exploring this place.
 F = Levels seen in this place.
 G = Mean time per level.
                   A        B        C        D        E       F      G
               +--------+--------+--------+--------+--------+-----+--------+
         Total |    154 |    154 |      0 |      0 |    114 |   1 |  154.0 |
       Dungeon |    154 |    154 |      0 |      0 |    114 |   1 |  154.0 |
               +--------+--------+--------+--------+--------+-----+--------+

Top non-repeatable levels by time:
     D:1: 154 daAuts

Table legend:
 A = Non-vault XP
 B = Vault XP
 C = Vault XP percentage of total XP
 D = Non-vault monster count
 E = Vault monster count
 F = Vault count percentage of total count
                 A         B        C        D         E       F
            +---------+---------+-------+---------+---------+-------
      Total |      13 |       0 |   0.0 |       8 |       0 |   0.0
            +---------+---------+-------+---------+---------+-------
        D:1 |      13 |       0 |   0.0 |       8 |       0 |   0.0
            +---------+---------+-------+---------+---------+-------
